 Dungeon Crawl Stone Soup version 0.30-a0-743-gbfdf073431 (webtiles) character file.

Game seed: 58955353482009084

25 Leeroy the Slasher (level 3, -1/18 HPs)
             Began as a Vine Stalker Warper on Feb 5, 2023.
             Killed from afar by Sigmund (6 damage)
             ... with a magic dart
             ... on level 2 of the Dungeon.
             The game lasted 00:00:53 (1050 turns).

Leeroy the Slasher (Vine Stalker Warper)            Turns: 1050, Time: 00:00:54

Health: -1/18      AC:  3    Str: 13    XL:     3   Next: 6%
Magic:  0/7        EV: 11    Int: 13    God:
Gold:   38         SH:  0    Dex: 15    Spells: 6/6 levels left

rFire   . . .      SeeInvis .    a - +0 falchion
rCold   . . .      Faith    .    (no shield)
rNeg    . . .      Spirit   +    b - +0 leather armour
rPois   .          Reflect  .    (no helmet)
rElec   .          Harm     .    (no cloak)
rCorr   .          Rampage  .    (no gloves)
Will    .....                    (no boots)
Stlth   +                        (no amulet)
HPRegen 0.23/turn                (no ring)
MPRegen 0.10/turn                (no ring)

@: confused
A: fangs 2, magic shield, antimagic bite, no potion heal 2
a: no special abilities


You were on level 2 of the Dungeon.
You visited 1 branch of the dungeon, and saw 2 of its levels.

You collected 38 gold pieces.

Inventory:

Hand Weapons
 a - a +0 falchion (weapon)
Missiles
 d - 7 boomerangs of dispersal (quivered)
Armour
 b - a +0 leather armour (worn)
Scrolls
 c - a scroll of blinking
 f - a scroll of poison {unknown}
Potions
 e - a potion of heal wounds
 g - a potion of mutation {unknown}
 h - a potion of curing {unknown}
 i - 2 potions of resistance {unknown}


   Skills:
 - Level 1.7 Fighting
 + Level 3.1 Long Blades
 - Level 0.8 Throwing
 - Level 0.7 Armour
 - Level 1.5 Dodging
 - Level 2.1 Spellcasting
 - Level 3.0 Translocations


You had 6 spell levels left.
You didn't know any spells.
Your spell library contained the following spells:

 Spells                   Type           Power      Damage    Failure   Level
 Blink                    Tloc           18%        N/A       14%         2
 Lesser Beckoning         Tloc           18%        N/A       14%         2
 Teleport Other           Tloc           9%         N/A       28%         3
 Vhi's Electric Charge    Tloc/Air       10%        N/A       45%         3
 Manifold Assault         Tloc           9%         N/A       67%         4


Dungeon Overview and Level Annotations

Branches:
Dungeon (2/15)

Altars:

Annotations:
D:2 Sigmund


Innate Abilities, Weirdness & Mutations

You have extremely sharp teeth.
When hurt, damage is shared between your health and your magic reserves.
Your bite disrupts and absorbs the magic of your enemies.
Potions cannot restore your health.


Message History

A hobgoblin is nearby!
A hobgoblin is nearby!
Sigmund the Dreaded comes into view.
He is wielding a +0 scythe.
You closely miss the hobgoblin. You bite the hobgoblin. You drain its power.
The hobgoblin is severely wounded.
Sigmund shouts!
The hobgoblin hits you.
You barely miss the hobgoblin.
You bite the hobgoblin, but do no damage.
The hobgoblin is severely wounded.
The hobgoblin closely misses you.
You hit the hobgoblin.
You kill the hobgoblin!
Sigmund hits you with a +0 scythe!
You see here a hobgoblin corpse.
You completely miss Sigmund. Your bite misses Sigmund.
Sigmund barely misses you.
You closely miss Sigmund. You hit Sigmund. You bite Sigmund, but do no damage.
Sigmund is lightly wounded.
Sigmund casts a spell at you.
You are confused.
You are too confused!
You are too confused!
You are too confused!
Sigmund hits you from afar with a +0 scythe!
* * * LOW HITPOINT WARNING * * *
It was a potion of heal wounds.
That seemed strangely inert.
Sigmund casts a spell at you.
You are more confused.
You are too confused!
Unknown command.
Found a scroll labelled WILAIW XYHI.
Sigmund points at you and mumbles some strange words.
You are more confused.
Sigmund drinks a potion.
Sigmund seems to grow stronger.
Sigmund is suddenly surrounded by pale blue light.
Sigmund gestures at you while chanting. The magic dart hits you!
You die...

.. .........# ..
###.##.#...#..#
#.##...........?.#
.........#......
#........$...#
#..#.........
#.....(.#..#####.#
#.†@.#..@.....#
#...<#.########
#....@.# #<..####
#......#
#...##....# #..
#.##.# #. #.# ...
# #.# ####


You could see Sigmund (strong).

Vanquished Creatures
  2 endoplasms (D:1)
  2 giant cockroaches (D:1)
  5 goblins (D:1)
  A hobgoblin (D:2)
  2 jackals (D:1)
  A quokka (D:1)
  2 ball pythons (D:1)
  3 bats (D:1)
  A frilled lizard (D:1)
  A kobold (D:1)
  2 rats (D:1)
22 creatures vanquished.

Notes
Turn   | Place    | Note
-------+----------+-------------------------------------------
     0 | D:1      | Leeroy the Vine Stalker Warper began the quest for the Orb.
     0 | D:1      | Reached XP level 1. HP: 11/11 MP: 4/4
   165 | D:1      | Reached XP level 2. HP: 15/15 MP: 6/6
   243 | D:1      | Found a faded altar of an unknown god.
   885 | D:1      | Reached XP level 3. HP: 16/18 MP: 4/7
  1034 | D:2      | Noticed Sigmund
  1050 | D:2      | Killed from afar by Sigmund

Illustrated notes

Levels and vault maps discovered:
D:1:      nicolae_arrival_memento_mori, layout_loops_corners,
          dreamdust_ecumenical_altar_angels_and_demons
D:2:      layout_basic, st_stairs_8, nrook_mini_vaults, uniq_terence,
          uniq_sigmund

Skill      XL: |  1  2 |
---------------+-------+-----
Long Blades    | 2 3 |  3.1
Fighting       | |  1.7
Throwing       | |  0.8
Armour         | |  0.7
Dodging        | |  1.5
Spellcasting   | |  2.1
Translocations | |  3.0

Action                     || total
---------------------------++-------
  Melee: Falchion          ||    56
         Bite              ||    11
         Punch             ||     1
    Use: Potion            ||     1
 Armour: Leather armour    ||    17
  Dodge: Dodged            ||    27

Table legend: (Time is in decaauts)
 A = Elapsed time spent in this place.
 B = Non-inter-level travel time spent in this place.
 C = Inter-level travel time spent in this place.
 D = Time resting spent in this place.
 E = Time spent auto-exploring this place.
 F = Levels seen in this place.
 G = Mean time per level.
                   A        B        C        D        E       F      G
               +--------+--------+--------+--------+--------+-----+--------+
         Total |   1059 |    994 |     65 |      0 |    836 |   2 |  529.5 |
       Dungeon |   1059 |    994 |     65 |      0 |    836 |   2 |  529.5 |
               +--------+--------+--------+--------+--------+-----+--------+

Top non-repeatable levels by time:
     D:1: 1040 daAuts
     D:2: 18 daAuts
